 Dungeon Crawl Stone Soup version 0.28.0-43-g3370ac3207 (webtiles) character file.

Game seed: 16360005992825044320

4 tomatow the Covered (level 1, 0/14 HPs)
             Began as a Gargoyle Fighter on Mar 9, 2022.
             Killed from afar by a dart slug (3 damage)
             ... with a slug dart
             ... on level 1 of the Dungeon.
             The game lasted 00:00:16 (153 turns).

tomatow the Covered (Gargoyle Fighter)               Turns: 153, Time: 00:00:18

Health: 0/14       AC:  9    Str: 19    XL:     1   Next: 70%
Magic:  1/1        EV:  9    Int:  8    God:
Gold:   21         SH:  4    Dex:  9    Spells: 0/0 levels left

rFire   . . .      SeeInvis .   a - +0 flail
rCold   . . .      Faith    .   c - +0 buckler
rNeg    + . .      Spirit   .   b - +0 scale mail
rPois   ∞          Reflect  .   (no helmet)
rElec   +          Harm     .   (no cloak)
rCorr   .          Rampage  .   (no gloves)
Will    .....                   (no boots)
Stlth   ..........              (no amulet)
HPRegen 0.04/turn               (no ring)
MPRegen 0.07/turn               (no ring)

@: no status effects
A: sickness immunity, AC +2, negative energy resistance 1, electricity
resistance, torment resistance 1, petrification resistance
a: no special abilities


You were on level 1 of the Dungeon.
You visited 1 branch of the dungeon, and saw 1 of its levels.

You collected 21 gold pieces.

Inventory:

Hand Weapons
 a - a +0 flail (weapon)
Armour
 b - a +0 scale mail (worn)
 c - a +0 buckler (worn)
Scrolls
 e - a scroll of vulnerability {unknown}
Potions
 d - a potion of might
 f - a potion of lignification {unknown}
 g - a potion of mutation {unknown}


   Skills:
 + Level 3.4 Fighting
 + Level 2.0 Maces & Flails
 + Level 3.4 Armour
 + Level 3.3 Shields


You couldn't memorise any spells.
You didn't know any spells.
Your spell library was empty.

Dungeon Overview and Level Annotations

Branches:
Dungeon (1/15)

Altars:


Innate Abilities, Weirdness & Mutations

You are immune to sickness and miasma.
Your stone body is resilient. (AC +2)
You are immune to poison.
You resist negative energy. (rN+)
You are resistant to electric shocks. (rElec)
You are resistant to unholy torment.
You are immune to petrification.


Message History

An endoplasm and a goblin come into view.
Found a stone staircase leading down.
The endoplasm quivers.
The goblin shouts!
A giant cockroach comes into view.
A dart slug comes into view.
Found a scroll labelled BEIGHI WUHI.
An endoplasm comes into view.
Found a small wooden ring.
The endoplasm quivers.
The endoplasm barely misses you.
You hit the endoplasm.
You kill the endoplasm!
The goblin barely misses you. The goblin hits you but does no damage.
You sock the giant cockroach!
You kill the giant cockroach!
A goblin comes into view. It is wielding a +0 dagger.
The goblin barely misses you. The dart slug launches a dart at you.
The slug dart hits you but does no damage.
You closely miss the goblin.
The goblin shouts!
The goblin closely misses you.
You barely miss the goblin. The goblin hits you with a +0 club.
The endoplasm freezes you.
You are frozen.
The goblin hits you but does no damage.
You are too injured to fight recklessly!
You are too injured to fight recklessly!
You are too injured to fight recklessly!
You are too injured to fight recklessly!
You are too injured to fight recklessly!
You are too injured to fight recklessly!
You barely miss the goblin. The endoplasm freezes you.
You are frozen.
* * * LOW HITPOINT WARNING * * *
You block the goblin's attack. The endoplasm misses you.
The dart slug launches a dart at you. The slug dart hits you.
You die...

#.# #.............#.#
#.#####.#########.#.#
..... ..# #.#.# #.###
##### #.#.# #.. ... ..#.#
# ### ....######.#.####
.................
..#....?...#####
#..@g....# ### #..wJ....#
##########.# #.....["....
.).........#>.....g......
##########.#.#.......#####
#.#.#......... #.#
#....?..... #.#
#.....=.... #.#


You could see a dart slug, an endoplasm and 2 goblins.

Vanquished Creatures
  An endoplasm (D:1)
  A giant cockroach (D:1)
  A kobold (D:1)
  A bat (D:1)
4 creatures vanquished.

Notes
Turn   | Place    | Note
-------+----------+-------------------------------------------
     0 | D:1      | tomatow the Gargoyle Fighter began the quest for the Orb.
     0 | D:1      | Reached XP level 1. HP: 14/14 MP: 1/1
   153 | D:1      | Killed from afar by a dart slug

Illustrated notes

Levels and vault maps discovered:
D:1:      sevenhm_arrival_forest_fort_small_3, layout_basic

Action                   || total
-------------------------++-------
Melee: Flail             ||    12
Armor: Scale mail        ||     6
Dodge: Dodged            ||    10
Block: Buckler           ||     3
